 Dungeon Crawl Stone Soup version 0.29.1-2-gbd0b4ee654 (webtiles) character file.

Game seed: 1073024794638195090

5350 FrostSilk the Cleaver (level 10, -2/97 HPs)
             Began as a Hill Orc Berserker on Nov 15, 2022.
             Was an Elder of Trog.
             Shot with an arrow by a centaur warrior (19 damage)
             ... on level 8 of the Dungeon on Nov 17, 2022.
             The game lasted 00:46:10 (10056 turns).

FrostSilk the Cleaver (Hill Orc Berserker)         Turns: 10056, Time: 00:46:10

Health: -2/97      AC: 15    Str: 31    XL:     10   Next: 65%
Magic:  10/10      EV: 25    Int:  7    God:    Trog [****..]
Gold:   425        SH:  6    Dex: 10    Spells: 9/9 levels left

rFire   . . .      SeeInvis .   C - +2 broad axe (elec)
rCold   . . .      Faith    .   E - +3 buckler "Ciomecum" {-Tele +Inv Will+++ rCorr}
rNeg    . . .      Spirit   .   G - +4 scale mail
rPois   .          Reflect  .   (no helmet)
rElec   .          Harm     .   (no cloak)
rCorr   +          Rampage  .   u - +0 pair of gloves
Will    +++..      NoTele   +   h - +1 pair of boots
Stlth   ..........              k - amulet of the acrobat
HPRegen 0.26/turn               f - +6 ring of strength
MPRegen 0.12/turn               K - ring of resist corrosion

@: acrobatic
A: no striking features
a: Renounce Religion, Evoke Invisibility, Berserk, Trog's Hand, Brothers in Arms


You were on level 8 of the Dungeon.
You worshipped Trog.
Trog was greatly pleased with you.
You visited 1 branch of the dungeon, and saw 8 of its levels.

You collected 425 gold pieces.

Inventory:

Hand Weapons
 a - a +2 hand axe
 e - a +1 glaive of draining
 C - a +2 broad axe of electrocution (weapon)
 J - a +0 club
Missiles
 l - 2 throwing nets
 o - 26 poisoned darts
 x - 14 boomerangs
 L - 2 curare-tipped darts (quivered)
Armour
 b - a +0 animal skin
 c - a +0 chain mail
 h - a +1 pair of boots (worn)
 r - the +2 leather armour of Pasuan {Rampage Int+6}
   (You found it on level 3 of the Dungeon)

   Int:       It affects your intelligence (+6).
   Rampage:   It bestows one free step when moving towards enemies.
 u - a +0 pair of gloves (worn)
 A - a +0 plate armour
 E - the +3 buckler "Ciomecum" (worn) {-Tele +Inv Will+++ rCorr}
   (You acquired it on level 6 of the Dungeon)

   +Inv:      It lets you turn invisible.
   -Tele:     It prevents most forms of teleportation.
   rCorr:     It protects you from acid and corrosion.
   Will:      It greatly increases your willpower.
 G - a +4 scale mail (worn)
Jewellery
 f - a +6 ring of strength (left hand)
 k - an amulet of the acrobat (around neck)
 F - a ring of see invisible
 I - a ring of fire
 K - a ring of resist corrosion (right hand)
 M - a +6 ring of strength
Wands
 w - a wand of polymorph (8)
 y - a wand of flame (16)
 z - a wand of iceblast (11)
 H - a wand of paralysis (4)
Scrolls
 p - 4 scrolls of teleportation
Potions
 d - 3 potions of attraction
 g - a potion of lignification
 i - a potion of invisibility {unknown}
 j - a potion of berserk rage {unknown}
 m - 6 potions of haste
 n - 5 potions of flight
 q - 2 potions of mutation {unknown}
 s - 6 potions of curing {unknown}
 t - 4 potions of might {unknown}
 v - 2 potions of degeneration {unknown}
 B - 4 potions of heal wounds {unknown}
 D - 2 potions of brilliance {unknown}


   Skills:
 + Level 12.2 Fighting
 + Level 13.1 Axes
 - Level 1.1(7.1) Polearms
 + Level 8.0 Armour
 - Level 1.6 Dodging


You had 9 spell levels left.
You didn't know any spells.
Your spell library contained the following spells:

 Spells                   Type           Power      Damage    Failure   Level
 Sting                    Tmut/Pois      0%         1d3       75%         1
 Poisonous Vapours        Pois/Air       0%         N/A       87%         2
 Olgreb's Toxic Radiance  Pois           0%         N/A       100%        4


Dungeon Overview and Level Annotations

Branches:
Dungeon (8/15)             Temple (0/1) D:4
   Lair: D:8-11

Altars:
Elyvilon
Fedhas
Gozag
Hepliaklqana
Nemelex Xobeh
Qazlal
Uskayaw
Vehumet
Xom

Shops:
D:1 !   D:7 :[


Message History

The kobold brigand attacks as you move away!
You block the kobold brigand's attack.
You feel sick.
The kobold brigand throws a curare-tipped dart.
You block the curare-tipped dart.
Things that are here:
a +0 hand axe; a +0 chain mail; an orc corpse You feel sick.
You feel sick.
You feel sick.
You feel sick.
You feel sick.
The kobold brigand throws a curare-tipped dart.
The curare-tipped dart hits you.
You are more poisoned.
You have difficulty breathing.
You feel yourself slow down.
You feel very sick.
The kobold brigand throws a curare-tipped dart.
You block the curare-tipped dart.
The kobold brigand throws a curare-tipped dart.
The curare-tipped dart completely misses you.
You feel very sick.
The kobold brigand throws a curare-tipped dart.
The curare-tipped dart completely misses you.
You feel very sick.
The kobold brigand throws a curare-tipped dart.
The curare-tipped dart closely misses you.
You feel sick.
You feel sick.
The kobold brigand throws a curare-tipped dart.
The curare-tipped dart closely misses you.
You feel sick.
You feel sick.
You feel sick.
You are no longer poisoned.
The centaur warrior wields a +0 shortbow.
The centaur warrior shoots an arrow.
The arrow completely misses you.
The centaur warrior shoots an arrow.
The arrow closely misses you.
You feel yourself speed up.
The centaur warrior shoots an arrow.
The arrow hits you!!
You die...

○.#...####......c.#.♣.♣.#.....#
#####################.###.....#
♣ ♣♣....♣.♣)...♣♣ ♣♣)♣♣#.....#
♣♣♣♣.)....♣.♣....♣♣♣5♣.♣#.....#
..).......♣♣♣...K.c.♣♣♣.#....##
♣♣♣♣.)....♣.♣....♣♣♣.♣.♣#...##
♣ ♣♣....♣.♣....♣♣ ♣♣.♣♣#.#.#
#########..c#############.#.#
.........)).....@.........#.#
############................# #
##################


You could see a centaur warrior.

Vanquished Creatures
  An ugly thing (D:8)
  Maggie (D:6)
  An efreet (D:8)
  A komodo dragon (D:7)
  Prince Ribbit (D:8)
  A yak (D:8)
  2 steam dragons
  Grum (D:7)
  2 water moccasins
  2 ice beasts (D:8)
  Pargi (D:4)
  A black bear (D:5)
  An orc warrior (D:8)
  An ogre (D:5)
  3 centaurs
  A phantom (D:4)
  4 kobold brigands (D:8)
  Blork the orc (D:5)
  3 necrophages
  5 gnoll sergeants
  2 wights (D:8)
  A killer bee (D:8)
  A howler monkey (D:8)
  15 hounds
  4 jellies
  4 gnoll boudas (D:7)
  2 orc priests
  3 iguanas
  Terence (D:3)
  5 orc wizards
  34 gnolls
  6 adders
  A shadow imp (D:5)
  A white imp (D:6)
  An ufetubus (D:5)
  A worm (D:5)
  3 dart slugs
  21 orcs
  12 ball pythons
  6 bats
  6 endoplasms
  3 giant cockroaches
  5 goblins
  8 hobgoblins
  10 jackals
  4 quokkas
  A frilled lizard (D:1)
  9 kobolds
  5 rats
209 creatures vanquished.

Notes
Turn   | Place    | Note
-------+----------+-------------------------------------------
     0 | D:1      | FrostSilk the Hill Orc Berserker began the quest for the
                  | Orb.
     0 | D:1      | Reached XP level 1. HP: 19/19 MP: 1/1
   184 | D:1      | Reached XP level 2. HP: 24/27 MP: 2/2
   433 | D:1      | Found Syjiol's Distillery.
   600 | D:1      | Reached XP level 3. HP: 25/33 MP: 3/3
   692 | D:1      | Reached ** piety under Trog
  1360 | D:2      | Found a faded altar of an unknown god.
  1430 | D:2      | Reached skill level 5 in Axes
  1869 | D:2      | Reached XP level 4. HP: 41/41 MP: 4/4
  2321 | D:3      | Identified the +2 leather armour of Pasuan {Rampage Int+6}
  2330 | D:3      | Noticed Terence
  2338 | D:3      | Killed Terence
  2339 | D:3      | Reached skill level 5 in Fighting
  2784 | D:3      | Found Unweiq's Weapon Shoppe.
  2926 | D:4      | Found a staircase to the Ecumenical Temple.
  3106 | D:4      | Noticed a phantom
  3128 | D:4      | Killed a phantom
  3129 | D:4      | Reached skill level 6 in Axes
  3129 | D:4      | Reached XP level 5. HP: 50/50 MP: 5/5
  3243 | D:4      | Noticed Pargi
  3261 | D:4      | Killed Pargi
  3262 | D:4      | Reached XP level 6. HP: 58/58 MP: 6/6
  3324 | D:4      | Reached skill level 7 in Axes
  3425 | D:4      | Found a sparkling altar of Nemelex Xobeh.
  3673 | D:4      | Reached XP level 7. HP: 61/64 MP: 7/7
  3891 | D:5      | Entered Level 5 of the Dungeon
  3958 | D:5      | Noticed Blork the orc
  3970 | D:5      | Killed Blork the orc
  3971 | D:5      | Reached skill level 8 in Axes
  4315 | D:5      | Found a white marble altar of Elyvilon.
  4509 | D:5      | Reached skill level 9 in Axes
  4509 | D:5      | Reached XP level 8. HP: 72/75 MP: 8/8
  5106 | D:5      | Reached *** piety under Trog
  5483 | D:6      | Noticed Maggie
  5926 | D:6      | Killed Maggie
  5927 | D:6      | Reached skill level 10 in Axes
  6121 | D:6      | Identified 2 scrolls of acquirement
  6121 | D:6      | Acquired the +3 buckler "Ciomecum" {-Tele +Inv Will+++
                  | rCorr}
  6134 | D:6      | Acquired a +2 broad axe of electrocution
  6269 | D:6      | Found a shimmering altar of Xom.
  6443 | D:6      | Reached skill level 1 in Polearms
  6504 | D:6      | Found a hide-covered altar of Uskayaw.
  6507 | D:6      | Found a radiant altar of Vehumet.
  6507 | D:6      | Found a stormy altar of Qazlal.
  6518 | D:6      | Found an opulent altar of Gozag.
  6521 | D:6      | Found a hazy altar of Hepliaklqana.
  6671 | D:7      | Reached XP level 9. HP: 85/85 MP: 9/9
  6709 | D:7      | Reached skill level 10 in Fighting
  6845 | D:7      | Found Zoiqu's Armour Shop.
  6887 | D:7      | Reached skill level 11 in Axes
  6908 | D:7      | Reached skill level 5 in Armour
  7302 | D:7      | Found Jejaaxi's Book Shoppe.
  7322 | D:7      | Found a blossoming altar of Fedhas.
  7381 | D:7      | Noticed Grum
  7406 | D:7      | Killed Grum
  8091 | D:8      | Reached **** piety under Trog
  8193 | D:8      | Noticed a komodo dragon
  8212 | D:7      | Killed a komodo dragon
  8213 | D:7      | Reached skill level 12 in Axes
  8213 | D:7      | Reached XP level 10. HP: 81/96 MP: 10/10
  8600 | D:8      | Noticed Prince Ribbit
  8629 | D:8      | Killed Prince Ribbit
  9405 | D:8      | Noticed a green ugly thing
  9422 | D:8      | Killed a green ugly thing
  9428 | D:8      | Reached skill level 13 in Axes
 10028 | D:8      | Noticed a centaur warrior
 10056 | D:8      | Shot with an arrow by a centaur warrior

Illustrated notes

Levels and vault maps discovered:
D:1:      kennysheep_arrival_forest, layout_basic, serial_shops, shop,
          minmay_vboxes
D:2:      layout_loops_corners, chequers_ecumenical_altar_island,
          nrook_mini_vaults
D:3:      layout_loops_ring, serial_shops, nicolae_shop_bloodbath_and_beyond,
          uniq_terence
D:4:      layout_cave_pools, overflow_temple_1_default, temple_statues,
          uniq_pargi
D:5:      nicolae_cairo_tiling_very_big, layout_basic, general_overflow_altar,
          minivault_24, hangedman_decor_growths, dk_noncrumbling_3,
          nrook_mini_backslash, uniq_blork_the_orc
D:6:      layout_rooms, marbit_many_paths, minmay_overflow_temple_star_hex,
          glass_columns_a, uniq_maggie
D:7:      layout_cave_pools, fedhas_ov_isle_minmay, serial_gnoll_camp,
          gnoll_camp_mini_basic, gnoll_camp_huts_basic, grums_kennel,
          gnoll_camp_mini_shop, gnoll_camp_medium_01, gnoll_camp_mini_shop
D:8:      nzn_winding_woodlands_medium [nzn_winding_woodlands_5x5_closed_star,
          nzn_winding_woodlands_5x15_parted, nzn_winding_woodlands_5x5_cross,
          nzn_winding_woodlands_5x5_checkerboard,
          nzn_winding_woodlands_center_lodge,
          nzn_winding_woodlands_5x5_perimeter, nzn_winding_woodlands_5x5_three,
          nzn_winding_woodlands_5x15_jagged,
          nzn_winding_woodlands_5x5_open_star], layout_rooms,
          uniq_prince_ribbit1

Skill      XL: |  1  2  3  4  5  6  7  8  9 10 |
---------------+-------------------------------+-----
Fighting       | 4 5 6 8 9 11 12 | 12.2
Axes           | 5 6 7 9 10 12 13 | 13.1
Armour         | 4 6 8 |  8.0
Polearms       | 1 |  1.1
Dodging        | |  1.6

Action                   |  1- 3 |  4- 6 |  7- 9 | 10-12 || total
-------------------------+-------+-------+-------+-------++-------
Melee: Hand axe          |   102 |   114 |   124 |       ||   340
       Broad axe         |       |       |   144 |   105 ||   249
       Punch             |       |       |     1 |       ||     1
Throw: Dart              |       |       |     6 |       ||     6
Invok: Berserk           |       |     3 |     6 |     2 ||    11
       Trog's Hand       |       |     1 |     3 |     1 ||     5
  Use: Scroll            |     7 |     2 |    10 |       ||    19
Armor: Animal skin       |    19 |       |       |       ||    19
       Chain mail        |    15 |    63 |    36 |       ||   114
       Plate armour      |       |       |    29 |       ||    29
       Scale mail        |       |       |    72 |    31 ||   103
Dodge: Dodged            |    75 |    66 |   149 |    59 ||   349
Block: Buckler           |       |       |    43 |    27 ||    70
